[Event "Titled Tuesday Blitz February 28 Early 2023"]
[White "Orlov, Georgi"]
[Black "Buksa, Nataliya"]
[WhiteFideId "2011271"]
[BlackFideId "14123622"]
[WhiteElo "2652"]
[BlackElo "2316"]
[Result "0-1"]
[Round "11"]
[TimeControl "180+2"]
[Date "2023.02.28"]
[WhiteClock "0:00:07"]
[BlackClock "0:00:08"]

1. e4 c5 2. Nf3 Nc6 3. d4 cxd4 4. Nxd4 e5 5. Nb5 d6 6. N1c3 a6 7. Na3 Be7 8. Nc4 b5 9. Ne3 Nf6 10. Ned5 O-O 11. Be3 Rb8 12. a3 Ng4 13. Nxe7+ Qxe7 14. Nd5 Qd8 15. Be2 Nxe3 16. Nxe3 Be6 17. c3 Ne7 18. Bf3 Qc7 19. Qd2 Rfd8 20. O-O Rd7 21. a4 Rbd8 22. axb5 axb5 23. Rfd1 h6 24. Qe2 Qc5 25. Ra5 Rb8 26. Qd2 Nc6 27. b4 Qb6 28. Ra3 Ne7 29. Rda1 Rc8 30. Ra6 Qc7 31. R1a3 Rcd8 32. Ra8 d5 33. exd5 Nxd5 34. Bxd5 Bxd5 35. Nxd5 Qd6 36. Rxd8+ Rxd8 37. Kf1 Qxd5 38. Qxd5 Rxd5 39. Ke2 f5 40. Ra7 Kh7 41. Rc7 Kg6 42. f3 Kf6 43. Rc6+ Kf7 44. h4 h5 45. Ke3 Ke7 46. Rg6 Kf7 47. Rb6 Ke7 48. g3 Kf7 49. Rc6 g6 50. c4 bxc4 51. Rxc4 Rb5 52. Kd3 Rb6 53. Kc3 Ke6 54. Rc5 Ra6 55. Ra5 Rc6+ 56. Kb3 Rc1 57. Ra6+ Kd5 58. Rxg6 Rf1 59. b5 Rxf3+ 60. Kb4 Rf1 61. b6 e4 0-1


[Site "https://www.chess.com"]

[Event "Titled Tuesday Blitz February 28 Early 2023"]
[White "Kochetov, Andrey"]
[Black "Alvarez Calzadilla, Jose Avelino"]
[WhiteFideId "24130532"]
[BlackFideId "3526151"]
[WhiteElo "2472"]
[BlackElo "2310"]
[Result "0-1"]
[Round "11"]
[TimeControl "180+2"]
[Date "2023.02.28"]
[WhiteClock "0:00:03"]
[BlackClock "0:01:26"]

1. e4 e5 2. Nf3 Nc6 3. Bc4 Nf6 4. d3 Bc5 5. O-O d6 6. c3 O-O 7. h3 a6 8. Bb3 Ba7 9. Re1 h6 10. Nbd2 Re8 11. Nf1 Be6 12. Ng3 d5 13. Be3 Bxe3 14. Rxe3 d4 15. Re2 Qd6 16. Bxe6 Rxe6 17. Nf5 Qd7 18. cxd4 exd4 19. Rc1 g6 20. Nxh6+ Kg7 21. Qd2 Rh8 22. Ng4 Nxg4 23. hxg4 Rf6 24. Qg5 Nd8 25. g3 Ne6 26. Qe5 Nf4 27. Rec2 Qxg4 28. Ne1 Qh3 29. f3 0-1


[Site "https://www.chess.com"]

[Event "Titled Tuesday Blitz February 28 Early 2023"]
[White "Andreev, Konstantin"]
[Black "Mamedov, Edgar"]
[WhiteFideId "24239305"]
[BlackFideId "13739980"]
[WhiteElo "2106"]
[BlackElo "2330"]
[Result "0-1"]
[Round "11"]
[TimeControl "180+2"]
[Date "2023.02.28"]
[WhiteClock "0:01:19"]
[BlackClock "0:01:40"]

1. e4 c6 2. d4 d5 3. e5 c5 4. dxc5 e6 5. Be3 Nh6 6. f4 Nd7 7. Nc3 Nf5 8. Bf2 Bxc5 9. Bxc5 Nxc5 10. Qd2 O-O 11. O-O-O Bd7 12. Nf3 Qa5 13. Kb1 Bc6 14. Rg1 Rfd8 15. Nd4 Nxd4 16. Qxd4 Ne4 17. Ne2 Rac8 18. g4 Ba4 19. b3 Bb5 20. Kb2 Rxc2+ 21. Kxc2 Qxa2+ 22. Qb2 Rc8+ 0-1


[Site "https://www.chess.com"]

[Event "Titled Tuesday Blitz February 28 Early 2023"]
[White "Karttunen, Mika"]
[Black "Yuan, Qingyu"]
[WhiteFideId "502081"]
[BlackFideId "8609772"]
[WhiteElo "2396"]
[BlackElo "2359"]
[Result "1-0"]
[Round "11"]
[TimeControl "180+2"]
[Date "2023.02.28"]
[WhiteClock "0:00:02"]
[BlackClock "0:00:07"]

1. e4 c5 2. Nf3 d6 3. d4 cxd4 4. Nxd4 Nf6 5. Nc3 a6 6. Be3 e5 7. Nb3 Be6 8. f3 h5 9. Qd2 Nbd7 10. Nd5 Bxd5 11. exd5 g6 12. Na5 Qc7 13. c4 b6 14. Nc6 Nb8 15. Nb4 Bg7 16. Be2 O-O 17. O-O a5 18. Nc2 Na6 19. Na3 Nc5 20. Nb5 Qd7 21. h3 Rfc8 22. Rac1 Ne8 23. g4 Nc7 24. Nc3 Ne8 25. Kg2 f5 26. gxh5 f4 27. Bxc5 Rxc5 28. hxg6 Qf5 29. Bd3 Qh5 30. Kh2 Nf6 31. Qg2 Rac8 32. Rce1 Qh6 33. Rg1 Qh4 34. Ref1 Bh6 35. g7 R8c7 36. Qg6 Rxg7 37. Qf5 Rg3 38. Ne4 Nxe4 39. Bxe4 Rc7 40. Rxg3+ Qxg3+ 41. Kh1 Rg7 42. Qc8+ Kf7 43. Qd7+ Kf8 44. Qxd6+ Ke8 45. Qb8+ Ke7 46. Qc7+ Ke8 47. Qc8+ Ke7 48. d6+ Kf6 49. Qf5# 1-0


[Site "https://www.chess.com"]

[Event "Titled Tuesday Blitz February 28 Early 2023"]
[White "Domingo Nunez, Alejandro"]
[Black "Cherniaiev, Tykhon"]
[WhiteFideId "22245561"]
[BlackFideId "14182360"]
[WhiteElo "2230"]
[BlackElo "2450"]
[Result "0-1"]
[Round "11"]
[TimeControl "180+2"]
[Date "2023.02.28"]
[WhiteClock "0:00:57"]
[BlackClock "0:00:32"]

1. Nf3 Nf6 2. g3 d5 3. Bg2 e6 4. O-O Be7 5. b3 O-O 6. Bb2 c5 7. d4 Nc6 8. e3 b6 9. c4 Bb7 10. cxd5 exd5 11. dxc5 bxc5 12. Nc3 Rc8 13. Na4 Ba6 14. Re1 Nb4 15. Ne5 c4 16. a3 Nd3 17. Nxd3 cxd3 18. Bf1 d4 19. Bxd4 Qd5 20. Bg2 Qf5 21. Nc3 Rfd8 22. Bf1 Rxc3 23. Bxc3 Ne4 24. f3 Nxc3 25. Qd2 Bf6 26. Rac1 Ne2+ 27. Bxe2 dxe2 0-1


[Site "https://www.chess.com"]

[Event "Titled Tuesday Blitz February 28 Early 2023"]
[White "Fiorito, Francisco"]
[Black "Matinian, Nikita"]
[WhiteFideId "180165"]
[BlackFideId "24129100"]
[WhiteElo "2341"]
[BlackElo "2422"]
[Result "0-1"]
[Round "11"]
[TimeControl "180+2"]
[Date "2023.02.28"]
[WhiteClock "0:00:24"]
[BlackClock "0:01:22"]

1. d4 Nf6 2. Nc3 d5 3. Bf4 g6 4. e3 c6 5. Be2 Qb6 6. Na4 Qd8 7. Nc3 Nbd7 8. h4 h5 9. Nf3 Ng4 10. Ng5 Bg7 11. Bxg4 hxg4 12. Qxg4 Ne5 13. Qe2 Nc4 14. Nd1 f6 15. Nf3 e5 16. dxe5 fxe5 17. Bg5 Qb6 18. c3 Bg4 19. Qc2 e4 20. Nd4 Ne5 21. O-O c5 22. Nb3 Rc8 23. Nd2 Qe6 24. c4 Bf3 25. gxf3 exf3 26. Kh2 Qg4 27. Rg1 Rxh4+ 28. Bxh4 Qxh4# 0-1


[Site "https://www.chess.com"]

[Event "Titled Tuesday Blitz February 28 Early 2023"]
[White "Md, Imran"]
[Black "Florescu, Codrut-Constantin"]
[WhiteFideId "25748580"]
[BlackFideId "1202200"]
[WhiteElo "2217"]
[BlackElo "2191"]
[Result "1-0"]
[Round "11"]
[TimeControl "180+2"]
[Date "2023.02.28"]
[WhiteClock "0:00:25"]
[BlackClock "0:00:06"]

1. c4 e6 2. Nf3 d5 3. e3 Nf6 4. Nc3 b6 5. b3 Bb7 6. Bb2 a6 7. cxd5 exd5 8. Rc1 Nbd7 9. Ne2 Bd6 10. Ned4 O-O 11. Nf5 Nc5 12. g4 Nce4 13. d3 Nc5 14. g5 Ne8 15. Rg1 Ne6 16. h4 c5 17. Bh3 d4 18. exd4 Nf4 19. Bg4 cxd4 20. Kf1 Bc5 21. Ne5 Ng6 22. Nf3 Nd6 23. N5xd4 Qe7 24. h5 Nf4 25. Qd2 Nd5 26. Re1 Qd8 27. h6 Bb4 28. Qc1 Bxe1 29. hxg7 Re8 30. Nxe1 Qe7 31. Nef3 Nb4 32. Qd2 a5 33. Ne2 Rac8 34. Ned4 Bd5 35. a3 Nc6 36. Nxc6 Rxc6 37. Ne5 Rc7 38. f3 Nb5 39. Kf2 Qc5+ 40. d4 Qc2 41. Rd1 Qxd2+ 42. Rxd2 Bxb3 43. Bf5 Be6 44. Ng4 Nd6 45. Nh6+ Kxg7 46. d5+ Kf8 47. dxe6 fxe6 48. Rxd6 exf5 49. Rf6+ Ke7 50. Nxf5+ Kd8 51. Rd6+ Kc8 52. Rxb6 Rc2+ 53. Kg3 Re5 54. Bxe5 1-0


[Site "https://www.chess.com"]

[Event "Titled Tuesday Blitz February 28 Early 2023"]
[White "Caspi, Israel"]
[Black "Lehtosaari, Mauri"]
[WhiteFideId "2807394"]
[BlackFideId "501999"]
[WhiteElo "2419"]
[BlackElo "2533"]
[Result "1-0"]
[Round "11"]
[TimeControl "180+2"]
[Date "2023.02.28"]
[WhiteClock "0:00:15"]
[BlackClock "0:00:26"]

1. d4 d5 2. c3 Nf6 3. Nf3 c6 4. Bf4 Bf5 5. Nh4 Bxb1 6. Rxb1 e6 7. Nf3 Nbd7 8. h3 Be7 9. e3 Qb6 10. b4 a5 11. b5 c5 12. Bd3 Rc8 13. O-O O-O 14. a4 Rfe8 15. Qe2 Nf8 16. Ne5 Ng6 17. Bh2 Red8 18. f4 cxd4 19. cxd4 Rc3 20. Rbc1 Rdc8 21. Rxc3 Rxc3 22. f5 Nf8 23. g4 Ne4 24. Bxe4 dxe4 25. fxe6 f6 26. Nc4 Qxe6 27. Nxa5 Qd7 28. Nc4 Ng6 29. Bg3 Qc8 30. Nb6 Qe6 31. a5 Qb3 32. a6 bxa6 33. bxa6 Rxe3 34. a7 Rxe2 35. a8=Q+ Bf8 36. Qd5+ Kh8 37. Qxb3 1-0


[Site "https://www.chess.com"]

[Event "Titled Tuesday Blitz February 28 Early 2023"]
[White "Thorhallsson, Simon"]
[Black "Gauri, Shankar"]
[WhiteFideId "2310090"]
[BlackFideId "5041350"]
[WhiteElo "2108"]
[BlackElo "2240"]
[Result "1-0"]
[Round "11"]
[TimeControl "180+2"]
[Date "2023.02.28"]
[WhiteClock "0:00:57"]
[BlackClock "0:00:01"]

1. e4 e5 2. Nf3 Nc6 3. Bc4 Nf6 4. d3 Bc5 5. c3 d6 6. O-O h6 7. Re1 O-O 8. h3 a5 9. Bb3 Ba7 10. Nbd2 Be6 11. Bc2 Re8 12. Nf1 d5 13. Ng3 dxe4 14. dxe4 Qxd1 15. Rxd1 Rad8 16. Be3 Bxe3 17. fxe3 Bc4 18. b3 Be6 19. Rxd8 Rxd8 20. Rd1 Rxd1+ 21. Bxd1 Nd7 22. Nd2 Nc5 23. Be2 a4 24. b4 Nd7 25. Bc4 Bxc4 26. Nxc4 f6 27. Nb2 b5 28. a3 Nd8 29. c4 c6 30. Ne2 Nb7 31. Nc3 Nd6 32. c5 Ne8 33. Nd3 Nc7 34. Ne2 Ne6 35. Ng3 g6 36. h4 h5 37. Kf2 Kf7 38. Kf3 Ke7 39. Ne2 Ng7 40. g4 hxg4+ 41. Kxg4 Nf8 42. Ng3 Nfe6 43. h5 gxh5+ 44. Nxh5 Nxh5 45. Kxh5 Ng5 46. Nxe5 Nxe4 47. Nxc6+ Ke6 48. Nd4+ Kd5 49. Nxb5 Nd2 50. Nc3+ Kc6 51. Nxa4 Nc4 52. e4 Nxa3 53. Nc3 Nc2 54. Na2 1-0


[Site "https://www.chess.com"]

[Event "Titled Tuesday Blitz February 28 Early 2023"]
[White "Kislov, Oleg"]
[Black "Kim, Sergey"]
[WhiteFideId "13503774"]
[BlackFideId "13700570"]
[WhiteElo "2186"]
[BlackElo "2628"]
[Result "1/2-1/2"]
[Round "11"]
[TimeControl "180+2"]
[Date "2023.02.28"]
[WhiteClock "0:00:07"]
[BlackClock "0:00:09"]

1. e4 e5 2. Nf3 Nc6 3. d4 exd4 4. Nxd4 Bc5 5. Be3 Qf6 6. c3 Nge7 7. Bc4 d6 8. O-O a6 9. Nxc6 Nxc6 10. Bxc5 dxc5 11. f4 Be6 12. e5 Qe7 13. Qe2 O-O-O 14. Bxe6+ Qxe6 15. Nd2 Qd5 16. Ne4 c4 17. Rad1 Qb5 18. Ng5 Qc5+ 19. Qf2 Qxf2+ 20. Kxf2 Rxd1 21. Rxd1 Nd8 22. Ke3 h6 23. Ne4 Re8 24. Rd4 b5 25. Nc5 a5 26. a4 f6 27. Ke4 fxe5 28. fxe5 Nc6 29. Rd5 b4 30. e6 g6 31. h4 Ne7 32. Rd4 Nf5 33. Rd7 Nxh4 34. g4 h5 35. gxh5 gxh5 36. Rh7 Ng6 37. Rxh5 Ne7 38. Kd4 c6 39. Kxc4 bxc3 40. bxc3 Kc7 41. Rh1 Rg8 42. Rd1 Rd8 43. Rxd8 Kxd8 44. Nb7+ Kc7 45. Nxa5 Kd6 46. Nb7+ Kxe6 47. Kc5 Kd7 48. c4 Kc7 49. Nd6 Ng6 50. a5 Ne5 51. Ne8+ Kb7 52. Nf6 Ka6 53. Kd4 Nxc4 54. Kxc4 Kxa5 55. Kc5 Ka4 56. Kxc6 1/2-1/2


[Site "https://www.chess.com"]

[Event "Titled Tuesday Blitz February 28 Early 2023"]
[White "Yaniuk, Volodymyr"]
[Black "Kvaloy, Aksel Bu"]
[WhiteFideId "14133083"]
[BlackFideId "1528815"]
[WhiteElo "2141"]
[BlackElo "2208"]
[Result "0-1"]
[Round "11"]
[TimeControl "180+2"]
[Date "2023.02.28"]
[WhiteClock "0:00:10"]
[BlackClock "0:00:06"]

1. d4 Nf6 2. c4 e6 3. g3 d5 4. Bg2 dxc4 5. Nf3 c6 6. O-O b5 7. Ne5 Bb7 8. b3 cxb3 9. axb3 Be7 10. Nc3 a6 11. Bg5 O-O 12. e3 Qc7 13. Bxf6 Bxf6 14. Nd3 Nd7 15. Ne4 Be7 16. Qc2 c5 17. dxc5 f5 18. Nd2 Bxg2 19. Kxg2 Nxc5 20. Rfc1 Qb7+ 21. Kg1 Rac8 22. Nxc5 Rxc5 23. Qa2 Rd8 24. Rxc5 Bxc5 25. Nf1 Rd6 26. Rc1 Qd5 27. Qc2 Ba3 28. Ra1 Rc6 29. Qa2 b4 30. Nd2 a5 31. Nc4 a4 32. Nxa3 axb3 33. Qb1 bxa3 34. Rxa3 Rc3 35. Qb2 Rc2 36. Qa1 b2 37. Ra8+ Kf7 38. Qa7+ Kg6 39. Rb8 Rc1# 0-1


[Site "https://www.chess.com"]

[Event "Titled Tuesday Blitz February 28 Early 2023"]
[White "Degenbaev, Aziz"]
[Black "Ambartsumova, Karina"]
[WhiteFideId "13802640"]
[BlackFideId "4166299"]
[WhiteElo "2152"]
[BlackElo "2319"]
[Result "0-1"]
[Round "11"]
[TimeControl "180+2"]
[Date "2023.02.28"]
[WhiteClock "0:00:01"]
[BlackClock "0:00:12"]

1. e4 c5 2. Nf3 Nc6 3. Bb5 e6 4. Bxc6 bxc6 5. O-O Ne7 6. d3 Ng6 7. Re1 Be7 8. Nc3 O-O 9. e5 f5 10. b3 Nh4 11. Nxh4 Bxh4 12. Ba3 d6 13. Na4 dxe5 14. Bxc5 Re8 15. Qf3 Bf6 16. Rad1 Qd5 17. Qe3 Qd7 18. c4 Qf7 19. d4 e4 20. Ba3 Bb7 21. Nb2 Rad8 22. Bc5 a6 23. Bb6 Rd7 24. Na4 e5 25. dxe5 Rxd1 26. Rxd1 Bxe5 27. h3 c5 28. Nxc5 f4 29. Qe1 f3 30. Rd7 Qg6 31. g3 Bc8 0-1


[Site "https://www.chess.com"]

[Event "Titled Tuesday Blitz February 28 Early 2023"]
[White "Castellanos Villela, Alejandro"]
[Black "Derix, Bernhard"]
[WhiteFideId "3446379"]
[BlackFideId "4642368"]
[WhiteElo "2102"]
[BlackElo "2595"]
[Result "1-0"]
[Round "11"]
[TimeControl "180+2"]
[Date "2023.02.28"]
[WhiteClock "0:01:13"]
[BlackClock "0:00:19"]

1. e4 c5 2. Nf3 e6 3. g3 Nc6 4. Bg2 Nf6 5. Qe2 d5 6. exd5 Nxd5 7. O-O Be7 8. Rd1 O-O 9. d4 Qb6 10. c4 Ndb4 11. dxc5 Bxc5 12. a3 Qa6 13. Nc3 e5 14. axb4 Qxa1 15. Be3 Qa6 16. Bxc5 Re8 17. b5 Qa5 18. b4 Nxb4 19. Qb2 Nc6 20. Ra1 Qc7 21. bxc6 bxc6 22. Ne4 Bf5 23. Nd6 Reb8 24. Qxe5 Be6 25. Nd4 Bd7 26. Qe7 Rf8 27. Bxc6 1-0


[Site "https://www.chess.com"]

[Event "Titled Tuesday Blitz February 28 Early 2023"]
[White "Abdilkhair, Abilmansur"]
[Black "Aldokhin, Ivan"]
[WhiteFideId "13716417"]
[BlackFideId "24115720"]
[WhiteElo "2216"]
[BlackElo "2322"]
[Result "0-1"]
[Round "11"]
[TimeControl "180+2"]
[Date "2023.02.28"]
[WhiteClock "0:00:02"]
[BlackClock "0:00:04"]

1. d4 Nf6 2. c4 g6 3. Nc3 Bg7 4. g3 d6 5. Bg2 O-O 6. Nf3 Bf5 7. O-O Ne4 8. Nh4 Nxc3 9. bxc3 Bc8 10. Rb1 c6 11. Ba3 Na6 12. Qa4 Nc7 13. c5 d5 14. Bc1 Nb5 15. Qb3 Qa5 16. Bb2 b6 17. a4 Nc7 18. Ba3 b5 19. axb5 Nxb5 20. Bb4 Qc7 21. e4 a5 22. Ba3 a4 23. Qb2 Nxa3 24. Qxa3 g5 25. Nf3 h6 26. exd5 cxd5 27. Rfe1 e6 28. h4 Bf6 29. hxg5 hxg5 30. Qc1 Qd8 31. Ne5 Kg7 32. Ng4 Ba6 33. Ra1 Bd3 34. Qe3 Bf5 35. Ne5 a3 36. g4 Bg6 37. f4 gxf4 38. Qxf4 Bg5 39. Qg3 Bh4 40. Qf4 Bxe1 41. Rxe1 a2 42. Ra1 Qf6 43. Qxf6+ Kxf6 44. Nd7+ Ke7 45. Nxf8 Kxf8 46. c6 Bb1 47. Kf2 Rc8 48. Ke3 Rxc6 49. Kd2 Ke7 50. Bf1 Kf6 51. Bd3 Rb6 0-1


[Site "https://www.chess.com"]

[Event "Titled Tuesday Blitz February 28 Early 2023"]
[White "Postma, Dinant"]
[Black "Seletsky, Grigory"]
[WhiteFideId "1018612"]
[BlackFideId "14112191"]
[WhiteElo "2589"]
[BlackElo "2490"]
[Result "1-0"]
[Round "11"]
[TimeControl "180+2"]
[Date "2023.02.28"]
[WhiteClock "0:01:15"]
[BlackClock "0:00:36"]

1. b3 e5 2. Bb2 d6 3. c4 Nc6 4. e3 g6 5. d3 Bg7 6. Nd2 f5 7. Ngf3 Nf6 8. g3 O-O 9. Bg2 h6 10. O-O g5 11. Ne1 f4 12. Nc2 Qe8 13. Ne4 Qg6 14. Nxf6+ Bxf6 15. b4 g4 16. Bd5+ Kh8 17. b5 Ne7 18. exf4 exf4 19. Be4 Bf5 20. Bxf6+ Rxf6 21. Bxb7 Rb8 22. Re1 Rxb7 23. Rxe7 Bxd3 24. Nb4 Bxc4 25. Rc1 Bxb5 26. Nd5 Re6 27. Nxf4 1-0


[Site "https://www.chess.com"]

[Event "Titled Tuesday Blitz February 28 Early 2023"]
[White "Fiedorek, Michal"]
[Black "Odegov, Artem"]
[WhiteFideId "1199528"]
[BlackFideId "34183644"]
[WhiteElo "2135"]
[BlackElo "2300"]
[Result "0-1"]
[Round "11"]
[TimeControl "180+2"]
[Date "2023.02.28"]
[WhiteClock "0:00:04"]
[BlackClock "0:01:49"]

1. d4 d5 2. Bf4 c5 3. e3 Nc6 4. c3 Nf6 5. Nd2 Bf5 6. Qb3 Qb6 7. dxc5 Qxb3 8. axb3 e5 9. Bg3 Bxc5 10. b4 Bd6 11. Ngf3 Nd7 12. b5 Ne7 13. Nb3 O-O 14. Be2 f6 15. Nfd4 Bg6 16. O-O Rfc8 17. Nf3 Bf7 18. Na5 b6 19. Nb3 Rc7 20. Nbd2 Rac8 21. Ra4 Nc5 22. Raa1 h5 23. h4 g6 24. Rfd1 Nf5 25. Bh2 Kf8 26. Nf1 Ke7 27. Ng3 Nxg3 28. Bxg3 Ne4 29. Bd3 Nxg3 30. fxg3 e4 31. Be2 exf3 32. Bxf3 Bxg3 33. Bxd5 Bxd5 34. Rxd5 Be5 35. Rad1 Ke6 36. Kf2 Rc5 37. R5d3 Rxb5 38. Kf3 Rxb2 39. Rd7 Rxc3 40. Rg7 Rbb3 41. Rdd7 Rxe3+ 42. Kf2 Bg3+ 43. Kf1 Re1# 0-1


[Site "https://www.chess.com"]

[Event "Titled Tuesday Blitz February 28 Early 2023"]
[White "Koridze, Lile"]
[Black "Ingebretsen, Jens E"]
[WhiteFideId "13612514"]
[BlackFideId "1522965"]
[WhiteElo "2047"]
[BlackElo "2213"]
[Result "1-0"]
[Round "11"]
[TimeControl "180+2"]
[Date "2023.02.28"]
[WhiteClock "0:00:25"]
[BlackClock "0:00:24"]

1. d4 Nf6 2. c4 e6 3. Nf3 d5 4. g3 c5 5. cxd5 exd5 6. Bg2 Nc6 7. O-O cxd4 8. Nxd4 Be7 9. Nc3 O-O 10. b3 Bg4 11. Bb2 Rc8 12. h3 Bh5 13. g4 Bg6 14. Qd2 Nxd4 15. Qxd4 Bc5 16. Qd2 d4 17. Nb5 Qb6 18. Nxd4 Rfd8 19. e3 Be4 20. Rfd1 Bxg2 21. Kxg2 h5 22. Qe2 h4 23. Nf5 Ne4 24. Nxg7 Ng5 25. Nf5 Qc6+ 26. f3 Bf8 27. Rac1 Qb6 28. Ba1 Rxc1 29. Rxc1 Bb4 30. Rd1 Rc8 31. Qb2 Bc3 32. Ne7+ Kf8 33. Nxc8 Qc6 34. Qf2 Bxa1 35. Rxa1 Qxc8 36. Qxh4 Qc2+ 37. Qf2 Qd3 38. Rc1 Ne6 39. Rc2 a5 40. Qd2 Qb5 41. Rc8+ Kg7 42. Qc3+ f6 43. Qd2 b6 44. Rc4 Nc5 45. Qd4 a4 46. b4 Ne6 47. Qe4 Ng5 48. Qc6 Qe5 49. Qc7+ Kg6 50. Qxe5 fxe5 51. Rc6+ Kf7 52. Rxb6 Ne6 53. Rxe6 Kxe6 54. h4 Kd5 55. h5 Kc4 56. h6 Kxb4 57. h7 Ka3 58. h8=Q Kxa2 59. Qxe5 a3 60. g5 Kb3 61. g6 Ka2 62. g7 Kb1 63. g8=Q a2 64. Qb3+ Kc1 65. Qeb2# 1-0


[Site "https://www.chess.com"]

[Event "Titled Tuesday Blitz February 28 Early 2023"]
[White "Martic, Ivan"]
[Black "Zemlyanskii, Ivan"]
[WhiteFideId "929301"]
[BlackFideId "24249971"]
[WhiteElo "2360"]
[BlackElo "2233"]
[Result "1-0"]
[Round "11"]
[TimeControl "180+2"]
[Date "2023.02.28"]
[WhiteClock "0:00:07"]
[BlackClock "0:00:08"]

1. e4 Nc6 2. Nf3 d5 3. exd5 Qxd5 4. Nc3 Qd6 5. Bb5 Nf6 6. d4 a6 7. Ba4 e6 8. O-O Be7 9. Ne5 b5 10. Nxb5 axb5 11. Bxb5 Bd7 12. Qf3 Ra6 13. Nxd7 Nxd7 14. Bxa6 Nxd4 15. Qa8+ Bd8 16. Be3 Nb6 17. Qb7 O-O 18. Rad1 Bf6 19. Bxd4 Bxd4 20. c3 Bxf2+ 21. Kxf2 Qc5+ 22. Ke2 Nd5 23. Rxd5 exd5 24. Bd3 Qd6 25. g3 g6 26. Kd2 d4 27. c4 Re8 28. Qd5 Qe7 29. Kc2 Rd8 30. Qf3 f5 31. Rf2 Qb4 32. Qe2 Qa4+ 33. Kb1 Ra8 34. a3 Qb3 35. Qc2 Qb6 36. c5 Qf6 37. Qc4+ Kg7 38. Re2 g5 39. Qd5 Rf8 40. Qd7+ Rf7 41. Qe6 f4 42. Qxf6+ Kxf6 43. gxf4 gxf4 44. Kc2 Kg5 45. Be4 f3 46. Rf2 Kg4 47. Kd3 h5 48. b4 h4 49. b5 Re7 50. b6 cxb6 51. cxb6 Re5 52. b7 Rb5 53. Bxf3+ Kg5 54. Bc6 Rb3+ 55. Kxd4 Rb1 56. Rf8 Rd1+ 57. Kc5 Rc1+ 58. Kb6 Rb1+ 59. Bb5 Kg4 60. b8=Q Kh3 61. Qc8+ Kg2 62. Qc6+ Kxh2 63. Qc2+ Kg3 64. Qxb1 h3 65. Qb3+ Kg4 66. Rg8+ Kf5 67. Qxh3+ Ke5 68. Qh5+ Kd6 69. Rg6+ Ke7 70. Qh7+ Kf8 71. Rg8# 1-0


[Site "https://www.chess.com"]

[Event "Titled Tuesday Blitz February 28 Early 2023"]
[White "Ljukin, Sergei"]
[Black "Maximov, Dmitry"]
[WhiteFideId "14102200"]
[BlackFideId "14105659"]
[WhiteElo "2312"]
[BlackElo "2494"]
[Result "0-1"]
[Round "11"]
[TimeControl "180+2"]
[Date "2023.02.28"]
[WhiteClock "0:00:03"]
[BlackClock "0:00:14"]

1. e4 c5 2. Nf3 d6 3. d4 cxd4 4. Nxd4 Nf6 5. Nc3 a6 6. Bg5 Nbd7 7. f4 Qc7 8. Qf3 h6 9. Bxf6 Nxf6 10. f5 Bd7 11. O-O-O h5 12. g3 Rc8 13. Bd3 Qb6 14. Nb3 Rxc3 15. bxc3 a5 16. Nd4 g6 17. Kd2 Bh6+ 18. Ke2 Ng4 19. h3 Ne5 20. Qf2 Qc5 21. Nf3 Qxc3 22. Qd4 Qc7 23. Rb1 O-O 24. Qb6 Qxb6 25. Rxb6 Nxf3 26. Kxf3 Bc6 27. Ke2 gxf5 28. Rf1 fxe4 29. Bb5 Bd5 30. c4 Be6 31. Rxb7 Bxh3 32. Rb1 Bg4+ 33. Ke1 Bg5 34. Bc6 e3 35. Be4 Kg7 36. Bd3 Rc8 37. R1b5 e5 38. Rxa5 h4 39. gxh4 Bxh4+ 40. Kf1 Bf2 41. Raa7 Be6 42. Be2 Bh3# 0-1


[Site "https://www.chess.com"]

[Event "Titled Tuesday Blitz February 28 Early 2023"]
[White "Yurasova, Daria"]
[Black "Schroeder, Jan-Christian"]
[WhiteFideId "34146919"]
[BlackFideId "24662259"]
[WhiteElo "2134"]
[BlackElo "2556"]
[Result "0-1"]
[Round "11"]
[TimeControl "180+2"]
[Date "2023.02.28"]
[WhiteClock "0:00:22"]
[BlackClock "0:01:40"]

1. d4 Nf6 2. Bg5 g6 3. Bxf6 exf6 4. e3 f5 5. g3 h5 6. Bg2 h4 7. Ne2 h3 8. Bf1 g5 9. Nbc3 d5 10. Qd2 c6 11. O-O-O Be6 12. Ng1 g4 13. Nge2 Nd7 14. Nf4 b5 15. f3 gxf3 16. Qf2 Nb6 17. Qxf3 Nc4 18. Bd3 Qa5 19. Nxe6 fxe6 20. Bxc4 bxc4 21. g4 Rb8 22. gxf5 Rxb2 23. fxe6 Rh7 24. e4 Qa3 25. Kd2 Bh6+ 26. Ke1 Rxc2 27. Ne2 Qxf3 0-1


[Site "https://www.chess.com"]

[Event "Titled Tuesday Blitz February 28 Early 2023"]
[White "Ibadov, Dashgyn"]
[Black "Gritsenko, Nikolai"]
[WhiteFideId "24107514"]
[BlackFideId "14112493"]
[WhiteElo "2208"]
[BlackElo "2389"]
[Result "1-0"]
[Round "11"]
[TimeControl "180+2"]
[Date "2023.02.28"]
[WhiteClock "0:00:04"]
[BlackClock "0:00:04"]

1. e4 d5 2. exd5 Nf6 3. d4 Nxd5 4. c4 Nb6 5. c5 Nd5 6. Nc3 c6 7. Nf3 e6 8. Bd3 b6 9. cxb6 axb6 10. O-O Be7 11. Ne5 O-O 12. Re1 Bf6 13. Ne4 Ba6 14. Bb1 c5 15. Nxf6+ Qxf6 16. dxc5 bxc5 17. b3 Rd8 18. Qc2 g6 19. Bb2 Qe7 20. Qe4 f6 21. Nf3 Re8 22. Bc2 Nd7 23. Rad1 N7b6 24. h4 c4 25. h5 g5 26. h6 Bb7 27. Qd4 Rxa2 28. Nxg5 e5 29. Qg4 fxg5 30. Rxe5 Qxe5 31. Bxe5 Rxe5 32. bxc4 Rxc2 33. cxd5 Nxd5 34. Qd7 Bc6 35. Qg7# 1-0


[Site "https://www.chess.com"]

[Event "Titled Tuesday Blitz February 28 Early 2023"]
[White "Nguyen Hong Nhung"]
[Black "Peng, Li Min"]
[WhiteFideId "12412201"]
[BlackFideId "14112620"]
[WhiteElo "1904"]
[BlackElo "2436"]
[Result "1/2-1/2"]
[Round "11"]
[TimeControl "180+2"]
[Date "2023.02.28"]
[WhiteClock "0:01:31"]
[BlackClock "0:02:07"]

1. e4 Nc6 2. d4 d5 3. e5 f6 4. f4 Bf5 5. Nf3 e6 6. Be3 Nh6 7. h3 Be7 8. g4 Be4 9. Bg2 fxe5 10. fxe5 Bxf3 11. Qxf3 Bh4+ 12. Kd2 Rf8 13. Qe2 Qe7 14. Nc3 Qb4 15. a3 Qb6 16. Qb5 Qxb5 17. Nxb5 Kd7 18. Rhf1 Nf7 19. Nc3 Ng5 20. Kd3 a6 21. Na4 b6 22. Rad1 1/2-1/2


[Site "https://www.chess.com"]

[Event "Titled Tuesday Blitz February 28 Early 2023"]
[White "Mirzoev, Azer"]
[Black "Sokac, Marko"]
[WhiteFideId "13400304"]
[BlackFideId "14531356"]
[WhiteElo "2525"]
[BlackElo "2355"]
[Result "1-0"]
[Round "11"]
[TimeControl "180+2"]
[Date "2023.02.28"]
[WhiteClock "0:00:23"]
[BlackClock "0:00:13"]

1. Nf3 e6 2. c4 g5 3. d4 g4 4. Nfd2 Bg7 5. e3 h5 6. Nc3 d6 7. h3 Nf6 8. b3 Nbd7 9. Bb2 Nf8 10. Bd3 Bd7 11. Qc2 Qe7 12. O-O-O O-O-O 13. Kb1 e5 14. d5 Kb8 15. Bf5 c6 16. Bxd7 N8xd7 17. Nde4 cxd5 18. Nxd5 Nxd5 19. Rxd5 Nb6 20. Rdd1 d5 21. cxd5 Nxd5 22. hxg4 hxg4 23. Rxh8 Bxh8 24. Qc5 Qe6 25. Qc2 Rc8 26. Qd3 Nb4 27. Qd6+ Qxd6 28. Rxd6 f5 29. Ng5 e4 30. Ba3 Nd3 31. Rd7 Bf6 32. Ne6 Rh8 33. Bd6+ Ka8 34. Nc7+ Kb8 35. Nd5+ Kc8 36. Rc7+ Kd8 37. Rxb7 Rh1+ 38. Kc2 Bb2 39. b4 a6 40. Kb3 Ba1 41. Ka4 Rb1 42. Ka5 Nb2 43. Kxa6 Nc4 44. Be7+ Ke8 45. Bf6 Bxf6 46. Nxf6+ Kd8 47. a4 Nd6 48. Rd7+ 1-0


[Site "https://www.chess.com"]